 Dungeon Crawl Stone Soup version 0.29-a0-341-g24ffce5b50 (webtiles) character file.

Game seed: 12805366092434240940

341 spaghetti the Caller (level 6, -1/45 HPs)
             Began as a Demigod Summoner on Apr 20, 2022.
             Killed from afar by an orc (8 damage)
             ... with a puff of flame
             ... on level 5 of the Dungeon on Apr 21, 2022.
             The game lasted 00:07:00 (5161 turns).

spaghetti the Caller (Demigod Summoner)             Turns: 5161, Time: 00:07:00

Health: -1/45      AC:  7    Str:  9    XL:     6   Next: 8%
Magic:  6/11       EV: 11    Int: 25    God:
Gold:   319        SH:  4    Dex: 14    Spells: 4/8 levels left

rFire   . . .      SeeInvis .   t - +2 dagger (venom) {short}
rCold   . . .      Faith    .   k - +1 buckler {AC+3}
rNeg    . . .      Spirit   .   a - +0 robe
rPois   .          Reflect  .   (no helmet)
rElec   .          Harm     .   q - +0 cloak
rCorr   .          Rampage  .   o - +0 pair of gloves
Will    .....                   (no boots)
Stlth   ++........              (no amulet)
HPRegen 0.15/turn               (no ring)
MPRegen 0.12/turn               (no ring)

@: mighty, lethally poisoned (-1 -> -19)
A: high MP 1, forlorn, divine attributes
a: no special abilities


You were on level 5 of the Dungeon.
You visited 1 branch of the dungeon, and saw 5 of its levels.

You collected 319 gold pieces.


Innate Abilities, Weirdness & Mutations

You have an increased reservoir of magic. (+10% MP)
You shall have no god before yourself.
Your divine heritage dramatically boosts your attributes as you level up.


   Skills:
 - Level 1.7 Dodging
 - Level 1.7 Stealth
 - Level 1.7 Spellcasting
 + Level 5.9 Summonings
 * Level 3.4 Air Magic


You had 4 spell levels left.
You knew the following spells:

 Your Spells              Type           Power      Damage    Failure   Level
a - Summon Small Mammal   Summ           100%       N/A       1%          1
b - Call Canine Familiar  Summ           31%        N/A       4%          3

Your spell library contained the following spells:

 Spells                   Type           Power      Damage    Failure   Level
 Call Imp                 Summ           31%        N/A       1%          2
 Corpse Rot               Necr/Air       20%        N/A       12%         2
 Poisonous Vapours        Pois/Air       20%        N/A       12%         2
 Static Discharge         Conj/Air       10%        N/A       12%         2
 Summon Guardian Golem    Hex/Summ       17%        N/A       14%         3
 Summon Lightning Spire   Summ/Air       25%        N/A       22%         4
 Gell's Gravitas          Tloc           2%         N/A       43%         3
 Lesser Beckoning         Tloc           2%         N/A       43%         3
 Teleport Other           Tloc           2%         N/A       43%         3
 Lightning Bolt           Conj/Air       5%         1d17      91%         5
 Maxwell's Capacitive Co  Air            9%         ∞         100%        8

Inventory:

Hand Weapons
 c - a +0 long sword {long}
   (You found it on level 1 of the Dungeon)
 d - a +0 hand axe {axe}
   (You found it on level 1 of the Dungeon)
 e - a +0 club {mace}
   (You took it off a goblin on level 1 of the Dungeon)
 f - a +0 short sword {short}
   (You found it on level 1 of the Dungeon)
 p - a +2 quarterstaff of chaos {staff}
   (You took it off Crazy Yiuf on level 2 of the Dungeon)
 t - a +2 dagger of venom (weapon) {short}
   (You took it off a goblin on level 3 of the Dungeon)
Missiles
 g - 240 stones {throwing}
Armour
 a - a +0 robe (worn)
 k - a +1 buckler of protection (worn)
   (You found it on level 1 of the Dungeon)
 o - a +0 pair of gloves (worn)
   (You found it on level 1 of the Dungeon)
 q - a +0 cloak (worn)
   (You took it off Crazy Yiuf on level 2 of the Dungeon)
 u - an orb of guile
   (You found it on level 3 of the Dungeon)
Jewellery
 j - a ring of protection from fire
   (You found it on level 2 of the Dungeon)
Wands
 z - a wand of acid (9)
   (You found it on level 4 of the Dungeon)
Scrolls
 h - a scroll of immolation {unknown}
 l - 2 scrolls of teleportation {unknown}
 r - a scroll of amnesia {unknown}
 w - a scroll of identify {unknown}
 y - a scroll of summoning {unknown}
Potions
 b - 2 potions of magic
 i - a potion of lignification {!q}
 m - a potion of heal wounds {@q2}
 s - a potion of flight {unknown}
 v - 3 potions of attraction {unknown}
 x - a potion of brilliance {unknown}

Dungeon Overview and Level Annotations

Branches:
Dungeon (5/15)             Temple (0/1) D:4

## #.. # #.. .# #.####.#
#...# ####..oh..#
#...#####....o.@#
#......##.##.##.##
#..#.......#.#...#######
##....P._.P.#...#........
........[...###...#######
#.......#..)####.##
.#.#.........)...#
.#......#........#
...>##..##.#.###.#


You could see an orc priest (distracted, very poisoned, ally target), an orc and
a friendly hound (summoned).


Message History

Key pressed, stopping explore.
An orc comes into view.
It is wielding a +0 club and quivering silver boomerangs. 😎 HP[+20] MP[+6]
Your hp is fully restored (45).
Your mp is fully restored (11).
An orc is nearby!
An orc is nearby!
An orc is nearby!
Casting: Call Canine Familiar (dangerous; 4% risk of failure)
Confirm with . or Enter, or press ? or * to list all spells.
The orc shouts! 😎 MP[-3]
You lost 3 mp, and now have 8/11 mp.
No target in view!
No target in view!
An orc is nearby!
An orc comes into view.
It is wielding a +0 trident and carrying a wand of flame (19).
The orc shouts!
The orc barely misses your hound.
An orc priest comes into view. It is wielding a +0 hand axe of venom.
Your hound bites the orc.
The orc misses your hound.
The orc priest calls down the wrath of Beogh upon you.
Beogh smites you!
Your hound bites the orc. 😕 HP[-11]
You take 11 damage, and now have 34/45 hp.
MASSIVE DAMAGE!! (PAUSE)
You swap places.
The orc hits you from afar with a +0 trident.
The orc misses you. 😮 HP[-3]
You take 3 damage, and now have 31/45 hp.
The orc hits you from afar with a +0 trident. 😮 HP[-6]
You take 6 damage, and now have 25/45 hp.
You completely miss the orc priest. The orc priest barely misses you.
The orc priest hits your hound with a +0 hand axe of venom.
Your hound is poisoned.
The orc throws a throwing net.
The throwing net closely misses your hound.
You block the throwing net. The orc barely misses you.
Your hound misses the orc. You hit the orc priest.
The orc zaps a wand.
The puff of flame hits your hound! The orc hits you but does no damage.
You block the orc priest's attack. The orc priest misses your hound.
Your hound bites the orc but does no damage.
Unknown command.
Unknown command.
You hit the orc priest but do no damage.
The orc priest is poisoned.
Your hound bites the orc.
The orc hits you but does no damage.
The orc priest hits you with a +0 hand axe of venom.
You are poisoned.
The orc priest misses your hound. The orc closely misses you.
Your hound closely misses the orc. 😮 HP[-1] MP[+1]
You take 1 damage, and now have 24/45 hp.
Unknown command.
Unknown command.
Unknown command.
You barely miss the orc.
You feel sick.
Your hound dies!
Your hound's corpse disappears in a puff of smoke!
The orc hits you from afar with a +0 trident!
* * * LOW HITPOINT WARNING * * *
The orc hits you but does no damage.
The orc priest barely misses you. 😨 HP[-9]
You take 9 damage, and now have 15/45 hp.
Unknown command.
Casting: Call Canine Familiar (dangerous; 4% risk of failure)
Confirm with . or Enter, or press ? or * to list all spells.
You feel sick. The orc hits you but does no damage.
The orc hits you with a +0 club.
* * * LOW HITPOINT WARNING * * *
The orc priest calls upon Beogh to heal the orc.
The orc's wounds heal themselves! 😨 HP[-1] MP[-3]
You take 1 damage, and now have 14/45 hp.
You lost 3 mp, and now have 6/11 mp.
Unknown command.
You hit the orc.
You kill the orc!
You feel sick.
The orc priest hits you but does no damage.
You are more poisoned.
You block the orc's attack. 😨 HP[-1]
You take 1 damage, and now have 13/45 hp.
Unknown command.
It was a potion of might.
You feel very mighty all of a sudden.
You feel sick.
Your hound bites the orc priest but does no damage.
The orc priest barely misses your hound.
The orc priest hits you with a +0 hand axe of venom.
* * * LOW HITPOINT WARNING * * *
You are lethally poisoned!
The orc zaps a wand.
The puff of flame hits you!
You die...

Skill      XL: |  1  2  3  4  5 |
---------------+----------------+-----
Summonings     | 4 5 |  5.9
Air Magic      | 2 3 |  3.4
Dodging        | |  1.7
Stealth        | |  1.7
Spellcasting   | |  1.7

Action                   |  1- 3 |  4- 6 || total
-------------------------+-------+-------++-------
Melee: Long sword        |    91 |    51 ||   142
       Dagger            |       |   117 ||   117
 Cast: Summon Small Mamm |    24 |     1 ||    25
       Call Canine Famil |     5 |    24 ||    29
  Use: Potion            |     2 |     2 ||     4
 Stab: Sleeping          |     4 |       ||     4
       Distracted        |     1 |     2 ||     3
Armor: Robe              |    52 |    72 ||   124
Dodge: Dodged            |    86 |   102 ||   188
Block: Buckler           |    22 |    33 ||    55

Levels and vault maps discovered:
D:1:      lightli_arrival_noodles, layout_loops_ring, basic_ecumenical_altar,
          hangedman_decor_clover_reticule, minmay_quantized
D:2:      layout_rooms, hangedman_feature_mirror, uniq_crazy_yiuf_cottage,
          uniq_jessica
D:3:      layout_rooms, minivault_25
D:4:      layout_cave_pools, nemelex_dance_club_becter,
          minmay_temple_entry_junction_2, serial_column_ruins,
          column_ruins_temple_circle, column_ruins_grid_1,
          column_ruins_open_medium, column_ruins_corridor_corner,
          column_ruins_corridor_plus, column_ruins_open_tiny,
          column_ruins_open_tiny, eino_small_chamber_without_monster,
          grunt_ministairs_13, uniq_robin
D:5:      layout_loops_cross, mainiacjoe_overflow_tiny_flanked,
          lemuel_doored_altar, uniq_pikel, uniq_ijyb, uniq_grinder, uniq_edmund,
          uniq_menkaure

Notes
Turn   | Place    | Note
-------+----------+-------------------------------------------
     0 | D:1      | spaghetti the Demigod Summoner began the quest for the Orb.
     0 | D:1      | Reached XP level 1. HP: 14/14 MP: 5/5
     0 | D:1      | magus.rc [v1.9.6]
   392 | D:1      | Reached skill level 4 in Summonings
   417 | D:1      | Reached XP level 2. HP: 20/20 MP: 7/7
  1126 | D:1      | Reached XP level 3. HP: 22/26 MP: 5/8
  1144 | D:1      | Learned a level 3 spell: Call Canine Familiar
  1530 | D:2      | You pick up a book of Lightning and begin reading...
  1530 | D:2      | You add the spells Static Discharge, Lightning Bolt and
                  | Maxwell's Capacitive Coupling to your library.
  1703 | D:2      | Noticed Jessica
  1711 | D:2      | Reached skill level 5 in Summonings
  1904 | D:2      | Killed Jessica
  1905 | D:2      | Reached XP level 4. HP: 15/33 MP: 6/9
  2243 | D:2      | You pick up a book of Vapours and begin reading...
  2243 | D:2      | You add the spells Poisonous Vapours and Corpse Rot to your
                  | library.
  2411 | D:2      | Found a runed translucent door.
  2412 | D:2      | Noticed Crazy Yiuf
  2973 | D:2      | Killed Crazy Yiuf
  2974 | D:2      | Reached skill level 1 in Air Magic
  3444 | D:3      | You pick up a book of Displacement and begin reading...
  3444 | D:3      | You add the spells Lesser Beckoning, Gell's Gravitas and
                  | Teleport Other to your library.
  3904 | D:4      | Noticed Robin
  3918 | D:4      | Killed Robin
  3919 | D:4      | Reached skill level 2 in Air Magic
  3919 | D:4      | Reached XP level 5. HP: 36/38 MP: 7/10
  4276 | D:4      | Found a staircase to the Ecumenical Temple.
  4425 | D:4      | Reached skill level 3 in Air Magic
  4957 | D:5      | Entered Level 5 of the Dungeon
  4992 | D:5      | Reached XP level 6. HP: 28/45 MP: 6/11
  5161 | D:5      | HP: 11/45 [poisoned by an orc priest]
  5161 | D:5      | Killed from afar by an orc

Vanquished Creatures
  2 hounds (D:4)
  An iguana (D:4)
  Robin (D:4)
  3 gnolls (D:5)
  An adder (D:4)
  2 worms
  A dart slug (D:1)
  4 orcs
  A bat (D:1)
  6 endoplasms
  3 giant cockroaches
  9 goblins
  8 hobgoblins
  8 jackals
  4 kobolds
  2 quokkas
  7 ball pythons
  2 frilled lizards
  2 rats
67 creatures vanquished.

Vanquished Creatures (collateral kills)
  Crazy Yiuf (D:2)
  Jessica (D:2)
  A gnoll (D:5)
  2 adders
  A worm (D:2)
  An orc (D:4)
  2 ball pythons (D:2)
  2 bats (D:2)
  3 endoplasms
  2 giant cockroaches (D:3)
  4 goblins
  3 hobgoblins
  4 jackals (D:1)
  A quokka (D:4)
  A frilled lizard (D:2)
  2 kobolds (D:4)
  A rat (D:3)
32 creatures vanquished.

Grand Total: 99 creatures vanquished

Table legend:
 A = Non-vault XP
 B = Vault XP
 C = Vault XP percentage of total XP
 D = Non-vault monster count
 E = Vault monster count
 F = Vault count percentage of total count
                 A         B        C        D         E       F
            +---------+---------+-------+---------+---------+-------
      Total |     340 |     148 |  30.3 |      74 |      25 |  25.3
            +---------+---------+-------+---------+---------+-------
        D:1 |      43 |       9 |  17.3 |      22 |       5 |  18.5
        D:2 |      50 |      82 |  62.1 |      18 |       4 |  18.2
        D:3 |      34 |       0 |   0.0 |      13 |       0 |   0.0
        D:4 |     151 |      57 |  27.4 |      16 |      16 |  50.0
        D:5 |      62 |       0 |   0.0 |       5 |       0 |   0.0
            +---------+---------+-------+---------+---------+-------

Illustrated notes

Table legend:
 A = Kills in this place as a percentage of kills in entire the game.
 B = Kills by you in this place as a percentage of kills by you in the entire game.
 C = Kills by friends in this place as a percentage of kills by friends in the entire game.
 D = Other kills in this place as a percentage of other kills in the entire game.
 E = Experience gained in this place as a percentage of experience gained in the entire game.
 F = Experience gained in this place divided by the number of levels of this place that you have seen.
                   A       B       C       D       E      F
               +-------+-------+-------+-------+-------+----------------------
         Total | 100.0 | 100.0 | 100.0 |   N/A | 100.0 |  97.6
       Dungeon | 100.0 | 100.0 | 100.0 |   N/A | 100.0 |  97.6
               +-------+-------+-------+-------+-------+----------------------

Table legend: (Time is in decaauts)
 A = Elapsed time spent in this place.
 B = Non-inter-level travel time spent in this place.
 C = Inter-level travel time spent in this place.
 D = Time resting spent in this place.
 E = Time spent auto-exploring this place.
 F = Levels seen in this place.
 G = Mean time per level.
                   A        B        C        D        E       F      G
               +--------+--------+--------+--------+--------+-----+--------+
         Total |   5234 |   5078 |    156 |    698 |   3609 |   5 | 1046.8 |
       Dungeon |   5234 |   5078 |    156 |    698 |   3609 |   5 | 1046.8 |
               +--------+--------+--------+--------+--------+-----+--------+

Top non-repeatable levels by time:
     D:1: 1825 daAuts
     D:2: 1282 daAuts
     D:4: 1073 daAuts
     D:3: 848 daAuts
     D:5: 204 daAuts
